 Dungeon Crawl Stone Soup version 0.27-a0-1084-g78b3836a5f (webtiles) character file.

Game seed: 16969883887793479860

85590 flotson the Covert (level 15, -1/118 (120) HPs)
             Began as a Gnoll Delver on Apr 27, 2021.
             Was a High Priest of Okawaru.
             Slain by a +4 scythe of chaos (2 damage)
             ... on level 3 of the Lair of Beasts.
             The game lasted 00:57:30 (34131 turns).

flotson the Covert (Gnoll Delver)                  Turns: 34131, Time: 00:57:30

HP:   -1/118 (120)  AC: 12    Str: 16    XL:     15   Next: 84%
MP:   29/29         EV: 30    Int: 11    God:    Okawaru [*****.]
Gold: 1894          SH:  0    Dex: 14    Spells: 3/34 levels left

rFire    + + .     SeeInvis .     - Unarmed
rCold    + + .     Faith    .   (shield currently unavailable)
rNeg     + + +     Spirit   .   (armour currently unavailable)
rPois    ∞         Reflect  .   (helmet currently unavailable)
rElec    +         Harm     .   (cloak currently unavailable)
rCorr    +         Rampage  .   (gloves currently unavailable)
Will     +....                  (boots currently unavailable)
Stlth    +++++++...             (amulet currently unavailable)
HPRegen  0.29/turn              (ring currently unavailable)
MPRegen  0.21/turn              (ring currently unavailable)

@: about to teleport, wisp-form, heroic, flying, lightly drained, quick
A: insubstial, wisp movement, fast, flying, no casting, tiny, (fangs 1), strong
nose, distributed training
a: Renounce Religion, Heroism, Finesse


You were on level 3 of the Lair of Beasts.
You worshipped Okawaru.
Okawaru was extremely pleased with you.
You were an insubstantial wisp.
You visited 4 branches of the dungeon, and saw 21 of its levels.
You also visited: Ice Cave.

You collected 2059 gold pieces.
You spent 165 gold pieces at shops.

Inventory:

Hand Weapons
 a - a +5 vorpal battleaxe
 b - the +4 arbalest of Ycyaph (melded) {penet, rF+ Dex+2}
   (Okawaru gifted it to you on level 4 of the Lair of Beasts)

   Ammo fired by it passes through the targets it hits, potentially hitting all
   targets in its path until it reaches maximum range.
   It affects your dexterity (+2).
   It protects you from fire.
Missiles
 d - a curare-tipped dart
 j - 2 throwing nets (quivered)
 l - 14 javelins
 m - 100 bolts
 p - 128 poisoned darts
 z - 3 boomerangs
Armour
 h - a +0 pair of gloves (melded)
 w - a +1 helmet (melded)
 C - a +1 cloak (melded)
 Z - the +5 robe of the Game Afoot (melded) {+Inv Dex+5}
   (You found it on level 6 of the Lair of Beasts)

   It affects your dexterity (+5).
   It lets you turn invisible.
Jewellery
 E - a ring of protection from fire
 J - an amulet of reflection (melded)
 K - the ring "Vodeda" (melded) {rPois rC+++ Will+ Dex-2 SInv}
   (You found it on level 4 of the Lair of Beasts)

   [ring of willpower]

   It affects your dexterity (-2).
   It renders you almost immune to cold.
   It protects you from poison.
   It lets you see invisible.
   It increases your willpower.
 Q - a ring of flight
 W - a +4 ring of slaying (melded)
 Y - a +6 ring of strength
Wands
 g - a wand of digging (3)
 r - a wand of paralysis (14)
 u - a wand of polymorph (5)
 I - a wand of acid (14)
 L - a wand of iceblast (7)
 P - a wand of mindburst (36)
 R - a wand of flame (73)
Scrolls
 c - 2 scrolls of fog
 e - a scroll of silence
 f - 3 scrolls of summoning
 o - 4 scrolls of teleportation
 q - 2 scrolls of magic mapping
 t - 3 scrolls of blinking
 x - 6 scrolls of enchant armour
 y - a scroll of fear
 B - 2 scrolls of identify
 H - 2 scrolls of vulnerability
 U - a scroll of immolation
Potions
 i - 2 potions of ambrosia
 k - 4 potions of flight
 n - 6 potions of brilliance
 s - a potion of magic
 v - a potion of invisibility
 A - 5 potions of mutation
 D - 3 potions of heal wounds
 F - 4 potions of attraction
 M - a potion of haste
 N - 4 potions of lignification
 O - 3 potions of curing
 S - a potion of berserk rage
 V - 4 potions of resistance
 X - 2 potions of might


   Skills:
 + Level 12.0(17.0) Fighting
 + Level 10.3(15.3) Short Blades
 + Level 10.3(15.3) Long Blades
 + Level 10.3(15.3) Axes
 + Level 10.3(15.3) Maces & Flails
 + Level 11.2(16.2) Polearms
 + Level 10.3(15.3) Staves
 + Level 10.3(15.3) Slings
 + Level 10.3(15.3) Bows
 + Level 10.3(15.3) Crossbows
 + Level 10.3(15.3) Throwing
 + Level 10.3(15.3) Armour
 + Level 11.2(16.2) Dodging
 + Level 13.5(18.5) Stealth
 + Level 10.3(15.3) Shields
 + Level 10.3(15.3) Unarmed Combat
 + Level 10.3 Spellcasting
 + Level 8.7 Conjurations
 + Level 8.7 Hexes
 + Level 8.7 Summonings
 + Level 8.7 Necromancy
 + Level 8.7 Translocations
 + Level 8.7 Transmutations
 + Level 8.7 Fire Magic
 + Level 8.7 Ice Magic
 + Level 8.7 Air Magic
 + Level 8.7 Earth Magic
 + Level 8.7 Poison Magic
 + Level 11.2 Invocations
 + Level 10.3 Evocations


You had 3 spell levels left.
You knew the following spells:

 Your Spells              Type           Power      Damage    Failure   Level
a - Swiftness             Air            25%        N/A       1%          3
b - Blink                 Tloc           N/A        N/A       1%          2
c - Teleport Other        Tloc           25%        N/A       1%          3
d - Animate Skeleton      Necr           50%        N/A       1%          1
e - Apportation           Tloc           50%        N/A       1%          1
f - Summon Small Mammal   Summ           100%       N/A       1%          1
g - Airstrike             Air            12%        N/A       3%          4
h - Bolt of Magma         Conj/Fire/Erth 12%        4d8       10%         5
i - Iskenderun's Battles  Conj           25%        2d8       10%         5
j - Iron Shot             Conj/Erth      12%        9d3       45%         6

Your spell library contained the following spells:

 Spells                   Type           Power      Damage    Failure   Level
 Corona                   Hex            27%        N/A       1%          1
 Magic Dart               Conj           100%       1d8       1%          1
 Shock                    Conj/Air       100%       1d9       1%          1
 Searing Ray              Conj           50%        3d5       1%          2
 Static Discharge         Conj/Air       25%        N/A       1%          2
 Dazzling Flash           Conj/Hex       50%        N/A       1%          3
 Gell's Gravitas          Tloc           12%        N/A       1%          3
 Lesser Beckoning         Tloc           12%        N/A       1%          3
 Fulminant Prism          Conj/Hex       12%        3d9       3%          4
 Iskenderun's Mystic Bla  Conj/Tloc      25%        2d7       3%          4
 Lightning Bolt           Conj/Air       12%        1d26      10%         5
 Manifold Assault         Tloc           25%        N/A       10%         5
 Orb of Destruction       Conj           12%        9d6       96%         7
 Spellforged Servitor     Conj/Summ      12%        N/A       96%         7


Dungeon Overview and Level Annotations

Branches:
Dungeon (12/15)            Temple (1/1) D:6            Lair (6/6) D:8
 Shoals (0/4) Lair:2        Snake (0/4) Lair:2        Slime (0/5) Lair:6
    Orc (2/2) D:12            Elf (0/3) Orc:2         IceCv (visited)

Altars:
Ashenzari
Dithmenos
Elyvilon
Fedhas
Gozag
Hepliaklqana
Kikubaaqudgha
Makhleb
Nemelex Xobeh
Okawaru
Ru
Sif Muna
Trog
Uskayaw
Wu Jian
Xom
Yredelemnul
Zin

Shops:
D:9 [   Orc:2 ((((

Annotations:
Lair:3 Sohaalic's ghost, journeyman TrWz


Innate Abilities, Weirdness & Mutations

You are an insubstantial wisp.
Your tiny insubstantial body is highly resistant to most damage types.
You do not have full control over your movement and may randomly blink.
You move quickly.
You are flying.
Your equipment is entirely melded.
You are incapable of wielding weapons or throwing items.
You cannot cast spells.
((You have very sharp teeth.))
Your uncanny sense of smell can sniff out nearby items.
Your experience applies equally to all skills.


Message History

The +4 scythe of chaos misses you.
You shoot a bolt.
The bolt pierces through Sohaalic's ghost!
Sohaalic's ghost is heavily damaged.
Sohaalic's ghost points at you and mumbles some strange words.
The magic dart hits you.
The +4 scythe of chaos hits you from afar!
Sohaalic's ghost casts a spell.
Sohaalic's ghost blinks!
The +4 scythe of chaos hits you from afar!!!
* * * LOW HITPOINT WARNING * * *
You turn into an insubstantial wisp.
The +4 arbalest of Ycyaph {penet, rF+ Dex+2} melds into your body.
Your +1 cloak melds into your body.
Your +1 helmet melds into your body.
Your +0 pair of gloves melds into your body.
The +5 robe of the Game Afoot {+Inv Dex+5} melds into your body.
Your +4 ring of slaying melds into your body.
The ring "Vodeda" {rPois rC+++ Will+ Dex-2 SInv} melds into your body.
Your amulet of reflection melds into your body.
You are too injured to fight recklessly!
You are too injured to fight recklessly!
Unknown command.
You are too injured to fight recklessly!
Unknown command.
You are too injured to fight recklessly!
Sohaalic's ghost points at you and mumbles some strange words.
The magic dart hits you but does no damage.
You blink.
Sohaalic's ghost points at you and mumbles some strange words.
The magic dart hits you.
* * * LOW HITPOINT WARNING * * *
The +4 scythe of chaos barely misses you.
As you read the scroll of teleportation, it crumbles to dust.
You feel strangely unstable. The +4 scythe of chaos misses you.
You blink.
You see here a +0 chain mail.
The +4 scythe of chaos hits you from afar!!
* * * LOW HITPOINT WARNING * * *
The +4 scythe of chaos burns you.
You die...

##### # #...## # #....## ## ####
#...#.# P##### ### #..## ##..###
..##.# ##§####...###...# ....##
##..#$##^........### ....##
#...(_v#...........# .....#
##.W#[##.....>#....# .....##
####..###...#...#....#
......###.#..##............#####
.......###...#.............#...#
........##............#.......##
....##........#P........##.....##
...#.........###.....#..###.....#
#....#...............#..##P.....#


You could see a +4 scythe of chaos and Sohaalic's ghost.

Vanquished Creatures
  Rupert (Orc:2)
  Kirke (Lair:4)
  Nessos (Lair:5)
  Josephine (Orc:2)
  4 ogre magi (Orc:2)
  3 boulder beetles
  10 hydras
  20 two-headed ogres
  3 death yaks (Lair:2)
  Urug (Lair:5)
  Nergalle (Lair:3)
  Pikel (D:8)
  A lindwurm (Lair:6)
  2 orc knights (Orc:1)
  A necromancer (D:11)
  A cyclops (D:11)
  An orc sorcerer (Orc:1)
  2 ugly things (IceCv)
  24 elephants
  A torpor snail (Lair:5)
  12 cane toads
  2 ice statues (IceCv)
  An unseen horror (D:12)
  2 rime drakes (Lair:6)
  14 komodo dragons
  Maggie (D:8)
  7 trolls
  A merfolk (Lair:2)
  6 polar bears (Lair:6)
  5 hornets
  13 blink frogs
  A dream sheep (Lair:6)
  Prince Ribbit (D:5)
  6 slime creatures
  13 spriggans (Lair:6)
  5 wraiths (Orc:2)
  A shadow (D:10)
  A vampire (D:11)
  3 hogs (Lair:3)
  33 yaks
  4 basilisks
  6 vampire mosquitoes
  5 wargs (Orc:1)
  9 nagas (Lair:2)
  11 water moccasins
  15 ice beasts
  9 orc warriors
  A sky beast (D:7)
  3 black bears
  5 necrophages
  27 ogres
  32 wolves
  4 boggarts (Lair:6)
  2 centaurs
  A lemure (D:8)
  A kobold brigand (D:8)
  11 bullfrogs
  2 gnoll sergeants
  9 scorpions
  A wyvern zombie (D:5)
  9 killer bees
  8 wights
  6 electric eels
  A centaur zombie (D:5)
  A bullfrog zombie (D:5)
  3 hounds (D:5)
  A jelly (D:4)
  A human zombie (D:5)
  Crazy Yiuf (D:6)
  12 orc priests
  3 iguanas
  9 orc wizards
  7 hell rats
  A scorpion zombie (D:5)
  4 polar bear simulacra (D:11)
  2 yak simulacra (D:11)
  4 wolf simulacra (D:11)
  2 hound skeletons (D:4)
  2 howler monkey zombies
  11 gnolls
  6 adders
  A white imp (D:5)
  2 ufetubi
  4 worms
  2 dart slugs (D:3)
  38 orcs
  8 ball pythons
  2 endoplasms (D:1)
  3 giant cockroaches
  9 goblins
  8 hobgoblins
  13 jackals
  15 kobolds
  6 quokkas
  A bat (D:1)
  5 frilled lizards
  A gnoll zombie (D:8)
  5 rats
  A river rat simulacrum (D:11)
  A bush (Lair:6)
585 creatures vanquished.

Vanquished Creatures (others)
  42 fungi
  73 plants
115 creatures vanquished.

Grand Total: 700 creatures vanquished

Notes
Turn   | Place    | Note
-------+----------+-------------------------------------------
     0 | D:5      | Reached skill level 9 in Stealth
     0 | D:5      | flotson the Gnoll Delver began the quest for the Orb.
     0 | D:5      | Reached XP level 1. HP: 23/23 MP: 1/1
     4 | D:5      | Found a broken altar of Ashenzari.
    38 | D:5      | Reached XP level 2. HP: 9/29 MP: 2/2
   247 | D:5      | Noticed a scorpion
   272 | D:5      | Noticed a necrophage
   293 | D:4      | Noticed a scorpion
   338 | D:3      | Reached XP level 3. HP: 19/35 MP: 3/3
   341 | D:3      | Killed a scorpion
   342 | D:3      | Reached skill level 1 in Short Blades
   342 | D:3      | Reached skill level 1 in Long Blades
   342 | D:3      | Reached skill level 1 in Axes
   342 | D:3      | Reached skill level 1 in Maces & Flails
   342 | D:3      | Reached skill level 1 in Staves
   342 | D:3      | Reached skill level 1 in Slings
   342 | D:3      | Reached skill level 1 in Bows
   342 | D:3      | Reached skill level 1 in Crossbows
   342 | D:3      | Reached skill level 1 in Throwing
   342 | D:3      | Reached skill level 1 in Armour
   342 | D:3      | Reached skill level 1 in Shields
   342 | D:3      | Reached skill level 1 in Unarmed Combat
   342 | D:3      | Reached skill level 1 in Spellcasting
   342 | D:3      | Reached skill level 1 in Invocations
   342 | D:3      | Reached skill level 1 in Evocations
   342 | D:3      | Reached XP level 4. HP: 9/41 MP: 3/5
   893 | D:1      | Reached skill level 1 in Conjurations
   893 | D:1      | Reached skill level 1 in Hexes
   893 | D:1      | Reached skill level 1 in Summonings
   893 | D:1      | Reached skill level 1 in Necromancy
   893 | D:1      | Reached skill level 1 in Translocations
   893 | D:1      | Reached skill level 1 in Transmutations
   893 | D:1      | Reached skill level 1 in Fire Magic
   893 | D:1      | Reached skill level 1 in Ice Magic
   893 | D:1      | Reached skill level 1 in Air Magic
   893 | D:1      | Reached skill level 1 in Earth Magic
   893 | D:1      | Reached skill level 1 in Poison Magic
  1624 | D:2      | Reached XP level 5. HP: 47/47 MP: 6/6
  1738 | D:2      | Found a faded altar of an unknown god.
  2052 | D:2      | HP: 1/47 [poisoned by a scorpion]
  3025 | D:3      | Reached XP level 6. HP: 53/53 MP: 8/8
  3555 | D:4      | Reached skill level 5 in Polearms
  3555 | D:4      | Reached skill level 5 in Dodging
  3740 | D:4      | Found a burning altar of Makhleb.
  4446 | D:4      | Found a shimmering altar of Xom.
  4447 | D:4      | Found a sacrificial altar of Ru.
  4762 | D:5      | Noticed a necrophage
  4762 | D:5      | Noticed a black bear
  4786 | D:5      | Reached XP level 7. HP: 28/59 MP: 10/10
  4964 | D:5      | Noticed Prince Ribbit
  4985 | D:5      | Found a hide-covered altar of Uskayaw.
  5164 | D:5      | Reached skill level 10 in Stealth
  5164 | D:5      | Reached XP level 8. HP: 46/67 MP: 12/12
  5297 | D:5      | Found a basalt altar of Yredelemnul.
  5729 | D:5      | Killed Prince Ribbit
  5980 | D:6      | Found an ornate altar of the Wu Jian Council.
  6071 | D:6      | Found a white marble altar of Elyvilon.
  6094 | D:6      | Reached XP level 9. HP: 64/73 MP: 14/14
  6335 | D:6      | Found a runed translucent door.
  6336 | D:6      | Noticed Crazy Yiuf
  6347 | D:6      | Killed Crazy Yiuf
  7217 | D:6      | Found a staircase to the Ecumenical Temple.
  7236 | Temple   | Entered the Ecumenical Temple
  7385 | Temple   | Became a worshipper of Warmaster Okawaru
  7989 | D:7      | Reached skill level 5 in Invocations
  8212 | D:7      | Found a glowing silver altar of Zin.
  8333 | D:8      | Reached * piety under Okawaru
  8417 | D:8      | Noticed Maggie
  8442 | D:8      | Killed Maggie
  8443 | D:8      | Reached XP level 10. HP: 12/80 MP: 17/17
  8998 | D:8      | Found a staircase to the Lair.
  9030 | D:8      | Reached skill level 5 in Short Blades
  9030 | D:8      | Reached skill level 5 in Long Blades
  9030 | D:8      | Reached skill level 5 in Axes
  9030 | D:8      | Reached skill level 5 in Maces & Flails
  9030 | D:8      | Reached skill level 5 in Staves
  9030 | D:8      | Reached skill level 5 in Slings
  9030 | D:8      | Reached skill level 5 in Bows
  9030 | D:8      | Reached skill level 5 in Crossbows
  9030 | D:8      | Reached skill level 5 in Throwing
  9030 | D:8      | Reached skill level 5 in Armour
  9030 | D:8      | Reached skill level 5 in Shields
  9030 | D:8      | Reached skill level 5 in Unarmed Combat
  9030 | D:8      | Reached skill level 5 in Spellcasting
  9030 | D:8      | Reached skill level 5 in Evocations
  9275 | D:8      | Noticed Pikel
  9308 | D:8      | Killed Pikel
  9308 | D:8      | Reached ** piety under Okawaru
 10446 | D:9      | Found Alul's Antique Armour Emporium.
 10975 | D:9      | Noticed a two-headed ogre
 11031 | D:9      | Killed a two-headed ogre
 11031 | D:9      | Reached *** piety under Okawaru
 11032 | D:9      | Reached skill level 11 in Stealth
 11290 | D:10     | Entered Level 10 of the Dungeon
 11297 | D:10     | Noticed a two-headed ogre
 11691 | D:10     | Killed a two-headed ogre
 11691 | D:10     | Reached **** piety under Okawaru
 11692 | D:10     | Reached XP level 11. HP: 39/89 MP: 19/19
 12367 | D:10     | Reached skill level 5 in Conjurations
 12367 | D:10     | Reached skill level 5 in Hexes
 12367 | D:10     | Reached skill level 5 in Summonings
 12367 | D:10     | Reached skill level 5 in Necromancy
 12367 | D:10     | Reached skill level 5 in Translocations
 12367 | D:10     | Reached skill level 5 in Transmutations
 12367 | D:10     | Reached skill level 5 in Fire Magic
 12367 | D:10     | Reached skill level 5 in Ice Magic
 12367 | D:10     | Reached skill level 5 in Air Magic
 12367 | D:10     | Reached skill level 5 in Earth Magic
 12367 | D:10     | Reached skill level 5 in Poison Magic
 12689 | Lair:1   | Entered Level 1 of the Lair of Beasts
 13082 | Lair:1   | Noticed an eight-headed hydra
 13348 | Lair:1   | Killed an eight-headed hydra
 13993 | Lair:1   | Reached ***** piety under Okawaru
 14896 | Lair:2   | Received a gift from Okawaru
 15328 | Lair:2   | Noticed an eight-headed hydra
 15394 | Lair:2   | Noticed a death yak
 15395 | Lair:2   | Noticed a death yak
 15511 | Lair:2   | Noticed a death yak
 15537 | Lair:1   | Learned a level 3 spell: Swiftness
 15564 | Lair:2   | Noticed an eight-headed hydra
 15632 | Lair:2   | Noticed an eight-headed hydra
 15642 | Lair:2   | Killed an eight-headed hydra
 15904 | Lair:2   | Killed an eight-headed hydra
 15905 | Lair:2   | Reached XP level 12. HP: 9/96 MP: 20/22
 16445 | Lair:2   | Killed a death yak
 16484 | Lair:2   | Killed a death yak
 16484 | Lair:2   | Received a gift from Okawaru
 16496 | Lair:2   | Killed a death yak
 16626 | Lair:2   | Found a staircase to the Shoals.
 17733 | Lair:2   | Found a staircase to the Snake Pit.
 17815 | Lair:2   | Killed an eight-headed hydra
 17815 | Lair:2   | Received a gift from Okawaru
 17969 | Lair:3   | You fall into a shaft and drop 2 floors!
 17975 | Lair:5   | Learned a level 2 spell: Blink
 17979 | Lair:5   | Learned a level 3 spell: Teleport Other
 18098 | Lair:4   | Reached skill level 10 in Fighting
 18440 | Lair:3   | Identified the +7 longbow "Doirut" {freeze, Fly rC- Int+2}
                  | (Okawaru gifted it to you on level 3 of the Lair of Beasts)
 18440 | Lair:3   | Received a gift from Okawaru
 18441 | Lair:3   | Reached skill level 12 in Stealth
 18610 | Lair:3   | Noticed a six-headed hydra
 18624 | Lair:3   | Killed a six-headed hydra
 18706 | Lair:3   | Found a runed translucent door.
 18706 | Lair:3   | Found a shimmering altar of Xom.
 18707 | Lair:3   | Identified the +9 quarterstaff of Beyond {elec, rElec SInv}
 18732 | Lair:3   | Noticed Sohaalic's ghost (journeyman TrWz)
 18806 | Lair:3   | Noticed a five-headed hydra
 18842 | Lair:3   | Killed a five-headed hydra
 18843 | Lair:3   | Reached XP level 13. HP: 9/103 MP: 24/24
 19012 | Lair:3   | Noticed Nergalle
 19206 | Lair:3   | Killed Nergalle
 20301 | Lair:4   | Identified the +4 arbalest of Ycyaph {penet, rF+ Dex+2}
                  | (Okawaru gifted it to you on level 4 of the Lair of Beasts)
 20301 | Lair:4   | Received a gift from Okawaru
 21776 | Lair:4   | Identified the ring "Vodeda" {rPois rC+++ Will+ Dex-2 SInv}
 21787 | Lair:4   | Noticed Kirke
 21801 | Lair:4   | Noticed a sphinx
 22417 | Lair:5   | Received a gift from Okawaru
 22882 | Lair:5   | Noticed Nessos
 22885 | Lair:5   | Noticed Urug
 23234 | Lair:4   | Killed Kirke
 23234 | Lair:4   | Received a gift from Okawaru
 23292 | Lair:5   | Killed Nessos
 23536 | Lair:5   | Received a gift from Okawaru
 23562 | Lair:5   | Killed Urug
 23942 | Lair:6   | Entered Level 6 of the Lair of Beasts
 23954 | Lair:6   | Reached XP level 14. HP: 111/111 MP: 24/26
 23970 | Lair:6   | Reached skill level 10 in Polearms
 23970 | Lair:6   | Reached skill level 10 in Dodging
 24096 | Lair:6   | Found a staircase to the Slime Pits.
 24164 | Lair:6   | Found a frozen archway.
 24220 | IceCv    | Entered an ice cave
 24288 | IceCv    | Found a transporter.
 24299 | IceCv    | Learned a level 1 spell: Animate Skeleton
 24301 | IceCv    | Learned a level 1 spell: Apportation
 24303 | IceCv    | Learned a level 1 spell: Summon Small Mammal
 24308 | IceCv    | Learned a level 4 spell: Airstrike
 24314 | IceCv    | Learned a level 5 spell: Bolt of Magma
 24320 | IceCv    | Learned a level 5 spell: Iskenderun's Battlesphere
 24327 | IceCv    | Learned a level 6 spell: Iron Shot
 24353 | IceCv    | Found a transporter.
 24717 | Lair:6   | Identified the +0 scale mail "Tuneowk" {Fly rF+ Int+4}
                  | (Okawaru gifted it to you on level 6 of the Lair of Beasts)
 24717 | Lair:6   | Received a gift from Okawaru
 25002 | Lair:6   | Reached skill level 10 in Invocations
 25006 | Lair:6   | Paralysed by a hornet for 3 turns
 25533 | Lair:6   | Identified the +5 robe of the Game Afoot {+Inv Dex+5}
 27315 | Lair:6   | Reached skill level 13 in Stealth
 27882 | D:11     | Received a gift from Okawaru
 28842 | D:12     | Reached XP level 15. HP: 71/119 MP: 28/28
 29110 | D:12     | Received a gift from Okawaru
 29688 | D:12     | Found a staircase to the Orcish Mines.
 30179 | Orc:1    | Entered Level 1 of the Orcish Mines
 30780 | D:9      | Bought a shiny chain mail for 165 gold pieces
 31287 | Orc:2    | Entered Level 2 of the Orcish Mines
 31326 | Orc:2    | Found a staircase to the Elven Halls.
 31418 | Orc:2    | Noticed Josephine
 31422 | Orc:2    | Killed Josephine
 31544 | Orc:2    | Received a gift from Okawaru
 31715 | Orc:2    | Noticed Rupert
 31727 | Orc:2    | Killed Rupert
 31728 | Orc:2    | Reached skill level 10 in Short Blades
 31728 | Orc:2    | Reached skill level 10 in Long Blades
 31728 | Orc:2    | Reached skill level 10 in Axes
 31728 | Orc:2    | Reached skill level 10 in Maces & Flails
 31728 | Orc:2    | Reached skill level 10 in Staves
 31728 | Orc:2    | Reached skill level 10 in Slings
 31728 | Orc:2    | Reached skill level 10 in Bows
 31728 | Orc:2    | Reached skill level 10 in Crossbows
 31728 | Orc:2    | Reached skill level 10 in Throwing
 31728 | Orc:2    | Reached skill level 10 in Armour
 31728 | Orc:2    | Reached skill level 10 in Shields
 31728 | Orc:2    | Reached skill level 10 in Unarmed Combat
 31728 | Orc:2    | Reached skill level 10 in Spellcasting
 31728 | Orc:2    | Reached skill level 10 in Evocations
 32213 | Orc:2    | Identified the -4 hat of Xulut {-Cast rF+ Int+6} (Okawaru
                  | gifted it to you on level 2 of the Orcish Mines)
 32213 | Orc:2    | Received a gift from Okawaru
 33157 | Orc:2    | Found Qehyfuos's Weapon Boutique.
 33157 | Orc:2    | Found Ibluawn's Antique Weapon Shoppe.
 33157 | Orc:2    | Found Lunwuwi's Antique Weapon Shoppe.
 33157 | Orc:2    | Found Gowuon Zoty's Weapon Shop.
 34131 | Lair:3   | HP: 1/118 [+4 scythe of chaos (28)]
 34131 | Lair:3   | Slain by a +4 scythe of chaos

Illustrated notes

Levels and vault maps discovered:
D:1:      lemuel_arrival_river_ford, layout_basic, dk_noncrumbling_3
D:2:      layout_loops_ring, ebering_ecumenical_altar_abandoned,
          minmay_tiny_reverse_x
D:3:      layout_basic, kennysheep_doodads
D:4:      layout_loops_corners, old_standard_altar,
          gammafunk_temple_overflow_statue, cheibrodos_sewer_entry_drain
D:5:      layout_basic, lemuel_mausoleum_altar_yredelemnul,
          nicolae_overflow_crystal_walls, eat_drink_and_be_merry_uskayaw,
          chequers_serial_rivers_micro_c, chequers_serial_rivers_small_b,
          uniq_prince_ribbit1
D:6:      layout_cave_pods, lemuel_tele_altar, elyvilon_altar_1,
          lemuel_temple_firewalk_b, uniq_crazy_yiuf_cottage
D:7:      layout_basic, zin_academy
D:8:      layout_basic, david_lair_shrubbed, enter_ossuary_3, uniq_maggie,
          uniq_pikel
D:9:      layout_loops_ring, serial_shops, shop, serial_bayou_pond_e
D:10:     layout_basic
D:11:     layout_cave_pools, eino_house_with_fridge
D:12:     layout_basic, orc_0_dummy, serial_corexii_hall,
          corexii_hall_statues_u, corexii_hall_statues_i
Temple:   nicolae_temple_figure_eight
Lair:1:   layout_cave_pods, minmay_shattered_shrine
Lair:2:   layout_roguey, elwin_shoals_entry_rooms,
          minmay_snake_entry_guardpost_large
Lair:3:   layout_misc_corridors, ebering_ghost_xom, minmay_holes,
          nicolae_quartered_pool_medium, uniq_nergalle
Lair:4:   layout_gridlike, pond, uniq_kirke
Lair:5:   layout_roguey, serial_bayou_shore_a, uniq_nessos, uniq_urug
Lair:6:   minmay_lair_end_enchanted_forest, layout_concentric_octagons,
          slime_dummy, portal_ice_cave_entry_ice_beasts
Orc:1:    layout_caves
Orc:2:    st_orc_ogre_mass, layout_caves, uniq_josephine, uniq_rupert

Skill      XL: |  1  2  3  4  5  6  7  8  9 10 11 12 13 14 15 |
---------------+----------------------------------------------+-----
Stealth        | 10 11 12 13 | 13.5
Short Blades   | 1 2 3 4 5 6 7 8 9 10 | 10.3
Long Blades    | 1 2 3 4 5 6 7 8 9 10 | 10.3
Axes           | 1 2 3 4 5 6 7 8 9 10 | 10.3
Maces & Flails | 1 2 3 4 5 6 7 8 9 10 | 10.3
Staves         | 1 2 3 4 5 6 7 8 9 10 | 10.3
Slings         | 1 2 3 4 5 6 7 8 9 10 | 10.3
Bows           | 1 2 3 4 5 6 7 8 9 10 | 10.3
Crossbows      | 1 2 3 4 5 6 7 8 9 10 | 10.3
Throwing       | 1 2 3 4 5 6 7 8 9 10 | 10.3
Armour         | 1 2 3 4 5 6 7 8 9 10 | 10.3
Shields        | 1 2 3 4 5 6 7 8 9 10 | 10.3
Unarmed Combat | 1 2 3 4 5 6 7 8 9 10 | 10.3
Spellcasting   | 1 2 3 4 5 6 7 8 9 10 | 10.3
Invocations    | 1 2 3 4 5 6 7 8 9 10 11 | 11.2
Evocations     | 1 2 3 4 5 6 7 8 9 10 | 10.3
Conjurations   | 1 2 3 4 5 6 7 8 |  8.7
Hexes          | 1 2 3 4 5 6 7 8 |  8.7
Summonings     | 1 2 3 4 5 6 7 8 |  8.7
Necromancy     | 1 2 3 4 5 6 7 8 |  8.7
Translocations | 1 2 3 4 5 6 7 8 |  8.7
Transmutations | 1 2 3 4 5 6 7 8 |  8.7
Fire Magic     | 1 2 3 4 5 6 7 8 |  8.7
Ice Magic      | 1 2 3 4 5 6 7 8 |  8.7
Air Magic      | 1 2 3 4 5 6 7 8 |  8.7
Earth Magic    | 1 2 3 4 5 6 7 8 |  8.7
Poison Magic   | 1 2 3 4 5 6 7 8 |  8.7
Polearms       | 5 6 7 8 9 10 11 | 11.2
Dodging        | 5 6 7 8 9 10 11 | 11.2
Fighting       | 7 8 9 10 11 12 | 12.0

Action                   |  1- 3 |  4- 6 |  7- 9 | 10-12 | 13-15 || total
-------------------------+-------+-------+-------+-------+-------++-------
Melee: Spear             |    32 |   226 |       |       |       ||   258
       Bite              |     2 |    16 |    32 |    93 |    51 ||   194
       Dagger            |       |     7 |   314 |    59 |       ||   380
       Whip              |       |       |       |   669 |   165 ||   834
       Quarterstaff      |       |       |       |       |   256 ||   256
       Battleaxe         |       |       |       |       |    98 ||    98
 Fire: Hunting sling     |       |   143 |     8 |     7 |       ||   158
       Arbalest          |       |       |       |       |   680 ||   680
Throw: Dart              |     2 |       |     2 |    18 |     7 ||    29
       Throwing net      |       |     1 |       |     1 |     1 ||     3
       Boomerang         |       |       |     7 |    80 |       ||    87
 Cast: Airstrike         |       |       |       |       |     3 ||     3
       Bolt of Magma     |       |       |       |       |     2 ||     2
       Iskenderun's Batt |       |       |       |       |     1 ||     1
Invok: Heroism           |       |       |       |    31 |    59 ||    90
Evoke: Wand              |       |       |       |    15 |     5 ||    20
  Use: Scroll            |     2 |       |       |    14 |     9 ||    25
       Potion            |     1 |     2 |     6 |       |     1 ||    10
 Stab: Sleeping          |     2 |    19 |    16 |    10 |     1 ||    48
       Held in net/web   |       |       |       |     2 |     1 ||     3
       Distracted        |       |       |       |     1 |     4 ||     5
Armor: Leather armour    |     5 |    38 |       |       |       ||    43
       Ring mail         |       |    12 |    87 |       |       ||    99
       Skin              |       |       |    69 |       |     1 ||    70
       Steam dragon scal |       |       |       |   128 |   168 ||   296
       Robe              |       |       |       |       |    71 ||    71
Dodge: Dodged            |    15 |   128 |   122 |   284 |   737 ||  1286
Block: Buckler           |     2 |    68 |       |       |       ||    70
       Kite shield       |       |     9 |   166 |   462 |   113 ||   750
       Reflection        |       |       |       |     4 |     1 ||     5
       Other             |       |       |       |       |   130 ||   130

Table legend: (Time is in decaauts)
 A = Elapsed time spent in this place.
 B = Non-inter-level travel time spent in this place.
 C = Inter-level travel time spent in this place.
 D = Time resting spent in this place.
 E = Time spent auto-exploring this place.
 F = Levels seen in this place.
 G = Mean time per level.
                   A        B        C        D        E       F      G
               +--------+--------+--------+--------+--------+-----+--------+
         Total |  34129 |  31476 |   2653 |   4652 |  21539 |  22 | 1551.3 |
       Dungeon |  16642 |  15036 |   1606 |   1324 |  11234 |  12 | 1386.8 |
        Temple |    162 |    149 |     13 |      0 |    140 |   1 |  162.0 |
          Lair |  14037 |  13091 |    946 |   2293 |   8589 |   6 | 2339.5 |
  Orcish Mines |   2897 |   2809 |     88 |   1035 |   1290 |   2 | 1448.5 |
      Ice Cave |    390 |    390 |      0 |      0 |    285 |   1 |  390.0 |
               +--------+--------+--------+--------+--------+-----+--------+

Top non-repeatable levels by time:
  Lair:6: 3267 daAuts
  Lair:1: 2874 daAuts
  Lair:2: 2599 daAuts
  Lair:4: 2132 daAuts
  Lair:3: 1994 daAuts
    D:12: 1987 daAuts
     D:8: 1981 daAuts
     D:9: 1843 daAuts
     D:4: 1579 daAuts
   Orc:2: 1495 daAuts
     D:6: 1454 daAuts
    D:10: 1422 daAuts
     D:5: 1414 daAuts
   Orc:1: 1402 daAuts
  Lair:5: 1168 daAuts
